 Dungeon Sprint DCSS version 0.30.1-4-g462c640d31 (webtiles) character file.

Game seed: 5375896942991000439

1772 Heoruswealwe the Grappler (level 8, -6/88 HPs)
             Began as a Troll Berserker on Sept 5, 2023.
             Was a Priest of Trog.
             Mangled by a deep troll (14 damage)
             ... in the Dungeon (Sprint I: "Red Sonja").
             The game lasted 00:03:12 (289 turns).

Heoruswealwe the Grappler (Troll Berserker)          Turns: 289, Time: 00:03:13

Health: -6/88      AC:  4    Str: 28    XL:     8   Next: 80%
Magic:  13/13      EV: 11    Int:  3    God:    Trog [***...]
Gold:   481        SH:  0    Dex:  9    Spells: 7/7 levels left

rFire   . .          .
                       - Unarmed
rCold   . . .        (no shield)
rNeg    . . .        a - +0 animal skin
rPois   .            (helmet restricted)
rElec   .            (no cloak)
rCorr   .            (gloves unavailable)
SInv    .            (boots unavailable)
Will    .....        (no amulet)
Stlth   +            (no ring)
HPRegen 1.14/turn    (no ring)
MPRegen 0.13/turn

%: no teleportation
@: hasted, very quick
A: large, unfitting armour, claws 3, regeneration 1, shaggy fur 1, tough skin 1
a: Renounce Religion, Berserk, Trog's Hand


You were in the Dungeon.
You worshipped Trog.
Trog was most pleased with you.
You visited 1 branch You collected 481 gold pieces.

Inventory:

Armour
 a - a +0 animal skin (worn)
Wands
 h - a wand of digging (2)
Scrolls
 f - a scroll of silence {unknown}
 g - a scroll of blinking
 j - a scroll of magic mapping {unknown}
 k - a scroll of enchant weapon {unknown}
Potions
 b - a potion of curing
 e - 2 potions of magic
 i - a potion of degeneration {unknown}


   Skills:
 + Level 7.9 Fighting
 + Level 7.9 Dodging
 * Level 12.9 Unarmed Combat
 + Level 8.1 Invocations


You had 7 spell levels left.
You didn't know any spells.
Your spell library was empty.

Dungeon Overview and Level Annotations

Branches:
Dungeon (1/1)

Altars:
Cheibriados
Dithmenos
Elyvilon
Fedhas
Gozag
Hepliaklqana
Kikubaaqudgha
Makhleb
Nemelex Xobeh
Okawaru
Qazlal
Ru
Sif Muna
Trog
Uskayaw
Vehumet
Wu Jian
Xom
Yredelemnul
Zin
The Shining One
Jiyva
Lugonu

Shops:
D !


Innate Abilities, Weirdness & Mutations

You are too large for most types of armour.
You have claws for hands.
Your natural rate of healing is unusually fast.
You are covered in fur. (AC +1)
You have tough skin. (AC +1)


Message History

j - a ring of magical power You drop a ring of magical power.
You start resting.
Magic restored.
You start resting.
HP restored.
You enter the shallow water.
You see here a +0 shortbow.
As you open the door, it creaks loudly!
Found three items.
Found 10 gold pieces.
There is an open door here.
j - a scroll labelled KIFAUD UWNOCVU You now have 471 gold pieces (gained 12).
k - a scroll labelled GOSKAG EMAU You now have 481 gold pieces (gained 10).
You close the door.
As you open the door, it creaks loudly!
A deep troll comes into view.
The deep troll shouts!
Found 54 gold pieces.
You barely miss the deep troll. The deep troll bites you!
The deep troll barely misses you. The deep troll claws you!
You scratch the deep troll.
The deep troll is lightly wounded.
The deep troll bites you!! The deep troll claws you!!
The deep troll barely misses you.
You mangle the deep troll!!
The deep troll is heavily wounded.
The deep troll bites you!!
* * * LOW HITPOINT WARNING * * *
The deep troll completely misses you. The deep troll closely misses you.
You feel much better. The deep troll bites you!
* * * LOW HITPOINT WARNING * * *
The deep troll closely misses you. The deep troll claws you.
* * * LOW HITPOINT WARNING * * *
You feel yourself speed up. The deep troll bites you!
* * * LOW HITPOINT WARNING * * *
The deep troll claws you!
You die...

<.#..)..#..'..#__#..+
..)..#..').#..'..'..#
..#####'#####'#__####
..####..#...#.####=§#
..#__####..##.#§§~§.#
..#_____##'#_.+~§§§.+
⌠⌠#_.∩...'..._#~§§..#
#.#_..__##_.#'##+####
..#_____###+#)#.@..#
######### ####T###
$.$ #####


You could see a deep troll.

Vanquished Creatures
  2 centaur warriors (D)
  A slime creature (D)
  Sigmund (D)
  A yak (D)
  An ogre (D)
  A jelly (D)
  Ijyb (D)
8 creatures vanquished.

Notes
Turn   | Place    | Note
-------+----------+-------------------------------------------
     0 | D        | Heoruswealwe the Troll Berserker began the quest for the
                  | Orb.
     0 | D        | Reached XP level 1. HP: 22/22 MP: 0/0
     1 | D        | Noticed Ijyb
     8 | D        | Killed Ijyb
     9 | D        | Reached skill level 4 in Unarmed Combat
     9 | D        | Reached XP level 2. HP: 31/31 MP: 0/2
    31 | D        | Noticed an ogre
    34 | D        | Killed an ogre
    35 | D        | Reached skill level 6 in Unarmed Combat
    35 | D        | Reached XP level 3. HP: 39/39 MP: 2/4
    35 | D        | Reached XP level 4. HP: 48/48 MP: 2/5
    71 | D        | Noticed Sigmund
    76 | D        | Killed Sigmund
    76 | D        | Reached ** piety under Trog
    77 | D        | Reached skill level 5 in Fighting
    77 | D        | Reached skill level 5 in Dodging
    77 | D        | Reached skill level 8 in Unarmed Combat
    77 | D        | Reached XP level 5. HP: 39/57 MP: 5/7
    77 | D        | Reached XP level 6. HP: 46/66 MP: 5/8
   104 | D        | Found an ornate altar of the Wu Jian Council.
   104 | D        | Found a shimmering blue altar of Sif Muna.
   106 | D        | Found a radiant altar of Vehumet.
   111 | D        | Reached skill level 5 in Invocations
   137 | D        | Found Hiuj's Distillery.
   137 | D        | Found an ancient bone altar of Kikubaaqudgha.
   137 | D        | Found a hazy altar of Hepliaklqana.
   137 | D        | Found a stormy altar of Qazlal.
   137 | D        | Found a hide-covered altar of Uskayaw.
   137 | D        | Found a blossoming altar of Fedhas.
   137 | D        | Found a bloodstained altar of Trog.
   137 | D        | Found an iron altar of Okawaru.
   137 | D        | Found a basalt altar of Yredelemnul.
   137 | D        | Found a glowing golden altar of the Shining One.
   137 | D        | Found a snail-covered altar of Cheibriados.
   137 | D        | Found a sacrificial altar of Ru.
   137 | D        | Found a glowing silver altar of Zin.
   137 | D        | Found a shadowy altar of Dithmenos.
   137 | D        | Found a white marble altar of Elyvilon.
   137 | D        | Noticed a yak
   142 | D        | Killed a yak
   143 | D        | Reached skill level 9 in Unarmed Combat
   143 | D        | Found an opulent altar of Gozag.
   144 | D        | Found a sparkling altar of Nemelex Xobeh.
   159 | D        | Found a burning altar of Makhleb.
   159 | D        | Found a viscous altar of Jiyva.
   159 | D        | Found a shimmering altar of Xom.
   159 | D        | Found a corrupted altar of Lugonu.
   159 | D        | Noticed a slime creature
   165 | D        | Killed a slime creature
   165 | D        | Reached *** piety under Trog
   166 | D        | Reached skill level 10 in Unarmed Combat
   166 | D        | Reached XP level 7. HP: 35/76 MP: 10/10
   202 | D        | Noticed a centaur warrior
   202 | D        | Noticed a centaur warrior
   211 | D        | Killed a centaur warrior
   212 | D        | Reached skill level 11 in Unarmed Combat
   212 | D        | Reached XP level 8. HP: 53/87 MP: 10/12
   217 | D        | Killed a centaur warrior
   218 | D        | Reached skill level 12 in Unarmed Combat
   284 | D        | Noticed a deep troll
   289 | D        | Mangled by a deep troll

Illustrated notes

Levels and vault maps discovered:
D:        dungeon_sprint_1 [red_sonja_temple_1, red_sonja_temple_small_1]

Skill      XL: |  1  2  3  4  5  6  7  8 |
---------------+-------------------------+-----
Fighting       | 3 4 5 6 7 |  7.9
Dodging        | 3 4 5 6 7 |  7.9
Unarmed Combat | 4 6 8 10 11 12 | 12.9
Invocations    | 2 3 4 6 7 8 |  8.1

Action                     |  1- 3 |  4- 6 |  7- 9 || total
---------------------------+-------+-------+-------++-------
  Melee: Unarmed           |     8 |    17 |    12 ||    37
         Punch             |     1 |     1 |       ||     2
  Evoke: Wand              |     1 |       |       ||     1
    Use: Potion            |     1 |       |     2 ||     3
 Armour: Animal skin       |     1 |     1 |     7 ||     9
  Dodge: Dodged            |     3 |     3 |    13 ||    19
